General information
- name: BNet
- type: Ladder 1vs1/FFA
- host: Battle.net
- saver: birchumm
map: TidewaterGlades
- players: 2
- length: 29:24
- speed: Fast
- version: 1.26 W3XP
- replay type: Public
» download(84 KB)
Players
team 1 (loser)
killbill123 (
purple | 53 APM | 1546 actions | 29:20)
4 Blademaster
2 Wind Walk
2 Critical Strike
2 Shadow Hunter
1 Healing Wave
1 Hex
» actions
| Assign group hotkey | 4 | |
| Build / train | 105 | |
| Enter build submenu | 22 | |
| Enter hero's abilities submenu | 6 | |
| Remove unit from queue | 2 | |
| Right click | 912 | |
| Select / deselect | 358 | |
| Select group hotkey | 40 | |
| Use ability | 97 | |
1546 total
» units
| Peon | 38 | |
| Grunt | 4 | |
| Spirit Walker | 7 | |
| Demolisher | 1 | |
| Tauren | 8 | |
| Goblin Sapper | 1 | |
| Troll Batrider | 22 | |
81 total
» upgrades
| Spirit Walker Training | 2 | |
| Pulverize | 1 | |
3 total
» buildings
| Orc Burrow | 7 | |
| Altar of Storms | 1 | |
| Barracks | 1 | |
| War Mill | 1 | |
| Stronghold | 1 | |
| Voodoo Lounge | 1 | |
| Spirit Lodge | 2 | |
| Great Hall | 1 | |
| Fortress | 4 | |
| Tauren Totem | 2 | |
| Beastiary | 3 | |
24 total
» build order
00:13 Orc Burrow
00:24 Altar of Storms
00:53 Barracks
01:22 Orc Burrow
01:46 War Mill
03:05 Stronghold
03:39 Orc Burrow
04:50 Voodoo Lounge
05:27 Spirit Lodge
05:31 Spirit Lodge
06:52 Great Hall
07:50 Fortress
07:50 Fortress
07:50 Fortress
10:12 Orc Burrow
10:17 Tauren Totem
11:10 Orc Burrow
11:14 Orc Burrow
11:17 Orc Burrow
14:05 Tauren Totem
18:18 Beastiary
18:22 Beastiary
19:07 Beastiary
» items
| Healing Salve | 3 | |
| Scroll of Town Portal | 1 | |
| Dust of Appearance | 1 | |
| Orb of Lightning | 1 | |
6 total
team 2 (winner)
birchumm (
pink | 76 APM | 2249 actions | 29:24)
5 Archmage
3 Blizzard
2 Brilliance Aura
5 Blood Mage
3 Flame Strike
2 Banish
» actions
| Assign group hotkey | 49 | |
| Basic commands | 64 | |
| Build / train | 132 | |
| ESC pressed | 1 | |
| Enter build submenu | 36 | |
| Enter hero's abilities submenu | 10 | |
| Give item / drop item | 11 | |
| Right click | 903 | |
| Select / deselect | 589 | |
| Select group hotkey | 217 | |
| Use ability | 237 | |
2249 total
» units
| Peasant | 17 | |
| Goblin Shredder | 6 | |
| Sorceress | 1 | |
| Goblin Sapper | 1 | |
| Gryphon Rider | 6 | |
| Goblin Zeppelin | 1 | |
32 total
» upgrades
| Magic Sentry | 1 | |
| Sorceress Training | 2 | |
| Masonry | 3 | |
| Storm Hammers | 1 | |
| Animal War Training | 1 | |
| Swords | 3 | |
| Armor | 3 | |
| Cloud | 1 | |
15 total
» buildings
| Altar of Kings | 2 | |
| Farm | 8 | |
| Arcane Vault | 2 | |
| Scout Tower | 13 | |
| Lumber Mill | 1 | |
| Arcane Tower | 2 | |
| Keep | 2 | |
| Guard Tower | 13 | |
| Arcane Sanctum | 1 | |
| Town Hall | 1 | |
| Castle | 6 | |
| Gryphon Aviary | 3 | |
| Blacksmith | 2 | |
| Barracks | 1 | |
57 total
» build order
00:08 Altar of Kings
00:12 Altar of Kings
00:20 Farm
00:47 Arcane Vault
00:57 Farm
01:17 Scout Tower
01:24 Lumber Mill
02:07 Arcane Tower
02:50 Keep
02:50 Keep
02:54 Scout Tower
03:11 Scout Tower
03:36 Guard Tower
03:38 Scout Tower
03:43 Guard Tower
04:25 Guard Tower
05:18 Arcane Sanctum
05:22 Farm
05:23 Farm
06:18 Scout Tower
06:18 Scout Tower
06:19 Scout Tower
06:39 Arcane Tower
06:40 Guard Tower
06:40 Guard Tower
06:50 Guard Tower
08:31 Scout Tower
08:31 Scout Tower
08:43 Guard Tower
09:12 Town Hall
10:21 Guard Tower
10:23 Guard Tower
10:55 Scout Tower
10:55 Scout Tower
11:03 Farm
11:09 Guard Tower
12:01 Guard Tower
12:02 Castle
12:17 Castle
12:17 Castle
12:18 Castle
13:25 Scout Tower
13:59 Guard Tower
15:43 Gryphon Aviary
15:44 Gryphon Aviary
15:44 Gryphon Aviary
15:57 Scout Tower
16:13 Blacksmith
16:15 Barracks
17:02 Guard Tower
17:06 Farm
18:52 Blacksmith
19:02 Farm
21:15 Farm
25:10 Arcane Vault
» items
| Mechanical Critter | 2 | |
| Lesser Clarity Potion | 8 | |
| Scroll of Regeneration | 11 | |
| Dust of Appearance | 2 | |
| Boots of Speed | 2 | |
| Ivory Tower | 3 | |
| Potion of Healing | 8 | |
| Potion of Mana | 5 | |
| Staff of Teleportation | 2 | |
| Potion of Invisibility | 1 | |
| Potion of Lesser Invulnerability | 1 | |
| Staff of Sanctuary | 2 | |
| Scroll of Town Portal | 1 | |
| Periapt of Vitality | 1 | |
49 total
Chat log
(29:20 / All) killbill123: say goodbye to your account